Map: Catalyst LE

Players

Dessa - Winner!

  • Race: Zerg Zerg
  • League: Diamond
  • Spawn Location: 5:00

Flyboy

  • Race: Terran Terran
  • Spawn Location: 11:00

VOD

Have the link to the VOD?

Description

Time

  • Played on: Jan. 14, 2018, 8:17 a.m.
  • Length: 23:08
Show
View Real Time Build Order
Export as new Build Order

Dessa Zerg - Winner!

Build Orders: Hatch First 

Get SALT Encoding   

  12  0:01  Drone  
  13  0:13  Overlord  
  13  0:17  Drone  
  14  0:31  Drone x2  
  16  0:36  Drone  
  17  0:58  Hatchery  
  17  1:00  Drone x2  
  17  1:04  Extractor  
  17  1:18  Spawning Pool  
  17  1:25  Drone  
  17  1:31  Drone  
  18  1:33  Drone  
  19  1:58  Drone  
  20  2:02  Overlord  
  20  2:05  Metabolic Boost  
  20  2:06  Queen  
  22  2:09  Queen  
  22  2:12  Zergling x2  
  25  2:16  Zergling x2  
  25  2:18  Drone  
  27  2:24  Drone  
  28  2:30  Drone  
  29  2:38  Drone  
  29  2:40  Overlord  
  30  2:46  Queen  
  32  2:55  Drone  
  32  2:57  Drone  
  32  2:58  Overlord  
  34  3:00  Drone  
  34  3:04  Drone  
  36  3:33  Hatchery  
  35  3:38  Overlord x2  
  35  3:44  Drone x3  
  35  3:45  Drone x2  
  35  3:46  Drone  
  41  4:01  Drone x3  
  43  4:03  Lair  
  43  4:05  Zergling x2  
  43  4:06  Zergling x6  
  46  4:12  Pneumatized Carapace  
  46  4:15  Overlord  
  46  4:45  Drone  
  47  4:46  Baneling Nest, Drone  
  47  4:47  Extractor  
  47  4:48  Drone x3  
  47  4:51  Drone, Extractor  
  47  4:52  Drone x3, Extractor  
  51  4:53  Zergling x2  
  51  4:54  Queen  
  51  4:56  Drone x2  
  56  5:07  Spore Crawler  
  55  5:10  Spore Crawler  
  54  5:18  Drone x4  
  57  5:29  Evolution Chamber  
  57  5:30  Queen, Evolution Chamber  
  57  5:33  Zergling x6  
  56  6:04  Baneling  
  56  6:05  Baneling x5  
  56  6:17  Drone  
  56  6:18  Drone x7  
  64  6:36  Zerg Ground Armor Level 1, Zerg Melee Weapons Level 1  
  64  6:39  Drone, Hydralisk Den  
  64  6:40  Overlord x2  
  64  6:43  Centrifical Hooks  
  64  7:08  Overlord x2  
  64  7:09  Hydralisk  
  64  7:10  Hydralisk x3  
  64  7:13  Muscular Augments  
  72  7:17  Hatchery  
  72  7:21  Zergling x2  
  72  7:22  Zergling x2  
  73  7:23  Overlord x2  
  73  7:26  Extractor x2  
  70  8:11  Spore Crawler x2  
  68  8:13  Drone x6  
  68  8:14  Drone x2  
  68  8:15  Drone x4  
  68  8:16  Drone, Overlord  
  68  8:17  Overlord  
  81  8:40  Zerg Ground Armor Level 2, Zerg Missile Weapons Level 1  
  81  8:44  Drone x2  
  81  8:45  Drone x2, Overlord x2  
  85  8:56  Queen  
  85  8:58  Hydralisk x4  
  85  9:00  Overlord x3  
  95  9:06  Drone  
  95  9:07  Drone x3  
  99  9:12  Zergling x8  
  103  9:22  Extractor  
  102  9:26  Extractor  
  101  9:33  Drone  
  101  9:34  Drone x2  
  101  9:35  Drone x4, Infestation Pit  
  107  9:46  Overlord  
  107  9:47  Overlord  
  107  9:48  Overlord  
  107  9:53  Overlord  
  107  9:55  Zergling x10, Hydralisk x5  
  107  9:59  Baneling x7  
  122  10:00  Baneling x3  
  122  10:04  Zergling x6  
  125  10:07  Overlord  
  125  10:11  Hydralisk x3  
  131  10:37  Hydralisk  
  131  10:38  Zergling x10, Hydralisk x4  
  131  10:39  Zergling x8  
  131  10:40  Zergling x10  
  123  11:28  Zergling x2  
  123  11:36  Overlord x2  
  123  11:37  Zergling x14  
  123  11:38  Zergling x12  
  125  12:00  Zergling x8  
  125  12:01  Zergling x12  
  128  12:03  Zerg Melee Weapons Level 2  
  128  12:08  Hive  
  121  12:10  Zergling x6  
  121  12:11  Zergling x8  
  127  12:17  Zergling x4  
  128  12:30  Baneling x2  
  128  12:31  Baneling x7  
  129  12:44  Zergling x12  
  129  12:45  Zergling x4  
  129  12:48  Overseer x2  
  136  12:53  Drone x3  
  139  13:10  Hatchery  
  138  13:44  Ultralisk Cavern  
  129  14:12  Hydralisk x2  
  129  14:13  Hydralisk x2  
  102  14:35  Zergling x20  
  102  14:36  Zergling x20  
  122  14:38  Chitinous Plating  
  122  14:41  Zerg Melee Weapons Level 3  
  122  14:42  Zerg Ground Armor Level 3  
  122  14:43  Adrenal Glands  
  122  14:44  Zergling x2  
  123  15:05  Baneling  
  123  15:06  Baneling x6  
  122  15:07  Ultralisk x2  
  122  15:08  Ultralisk x4  
  158  15:14  Queen  
  158  15:17  Hydralisk x3  
  158  15:18  Overlord  
  158  15:19  Overlord  
  144  15:40  Spire  
  144  15:41  Zergling x2  
  144  15:42  Hydralisk x8  
  148  15:43  Hydralisk x3  
  148  15:44  Zergling x10  
  159  16:21  Zergling x10  
  159  16:22  Zergling x34  
  181  16:32  Baneling x3  
  181  16:33  Baneling x8  
  181  16:34  Hydralisk x4  
  189  16:45  Overlord x2  
  189  16:57  Greater Spire  
  143  17:18  Zerg Missile Weapons Level 2  
  133  17:24  Ultralisk x3  
  151  17:32  Spine Crawler  
  151  17:33  Spine Crawler, Drone x4  
  151  17:34  Spine Crawler x2  
  151  17:35  Spine Crawler  
  150  17:40  Ultralisk x2, Zergling x2  
  150  17:41  Zergling x22  
  172  18:16  Baneling x5  
  172  18:17  Baneling x8  
  172  18:25  Extractor  
  172  18:26  Extractor  
  170  18:33  Drone x3  
  170  18:34  Drone  
  174  18:36  Extractor  
  174  18:37  Hatchery  
  174  18:38  Zerg Flyer Weapons Level 1, Corruptor x2  
  174  18:39  Corruptor x5  
  186  19:34  Brood Lord x2  
  186  19:37  Overlord x2  
  190  19:48  Zerg Missile Weapons Level 3  
  190  20:10  Corruptor x4  
  96  20:37  Corruptor x2  
  96  20:38  Corruptor x2  
  96  20:42  Corruptor x2  
  94  20:43  Zergling x24  
  94  20:44  Zergling x28  
  94  20:45  Hydralisk x4  
  122  20:50  Ultralisk x2, Corruptor x3  
  122  20:51  Corruptor x2  
  144  20:57  Queen  
  146  21:04  Baneling x3  
  146  21:05  Baneling x5  
  146  21:06  Baneling x9  
  146  21:12  Brood Lord  
  146  21:13  Brood Lord x3  
  146  21:15  Infestor x5  
  164  21:21  Baneling x2  
  164  21:22  Baneling x7  
  164  21:45  Brood Lord  
  164  21:46  Brood Lord x4  
  164  21:47  Corruptor x3  
Show
View Real Time Build Order
Export as new Build Order

Flyboy Terran 

Build Orders: Command Center First (CC), Liberator Opening, Bio Tank 

Get SALT Encoding   

  12  0:00  SCV  
  13  0:13  SCV  
  14  0:19  Supply Depot  
  14  0:25  SCV  
  15  0:41  SCV  
  16  0:53  SCV  
  17  1:01  Command Center  
  17  1:12  Barracks  
  17  1:20  Refinery  
  17  1:25  Refinery  
  17  1:28  SCV  
  18  1:40  SCV  
  19  1:52  SCV  
  20  2:05  Factory  
  20  2:09  Orbital Command  
  20  2:14  Barracks Reactor  
  20  2:23  Orbital Command  
  20  2:35  SCV  
  21  2:48  SCV  
  22  2:58  Hellion, Supply Depot, Barracks Tech Lab  
  24  2:59  Hellion  
  24  3:00  SCV  
  27  3:07  Starport  
  27  3:09  SCV  
  28  3:17  SCV  
  29  3:21  SCV  
  29  3:22  Armory  
  29  3:26  Hellion  
  32  3:30  Marine  
  32  3:34  Hellion, Liberator  
  35  3:35  SCV  
  35  3:37  SCV  
  37  3:41  Stimpack  
  37  3:47  SCV  
  38  3:55  Hellion  
  43  4:00  Marine  
  44  4:07  SCV x2  
  44  4:09  Refinery  
  46  4:12  Supply Depot  
  46  4:18  Supply Depot  
  46  4:33  SCV x2  
  48  4:42  Supply Depot  
  48  4:43  Factory Tech Lab  
  48  4:46  Marine  
  48  4:51  Medivac, Viking  
  53  4:54  SCV  
  53  4:58  Refinery  
  54  5:09  Siege Tank  
  54  5:11  SCV x2  
  59  5:17  Barracks  
  59  5:19  Command Center, Barracks  
  59  5:26  Barracks  
  59  5:38  SCV x2  
  59  5:41  Siege Tank  
  59  5:42  Combat Shields  
  64  5:50  SCV  
  64  5:51  SCV  
  64  5:55  Hellion x2  
  64  5:56  Hellion x3  
  66  5:58  Supply Depot  
  66  5:59  Supply Depot  
  66  6:00  Supply Depot  
  66  6:04  SCV x2  
  68  6:16  SCV x2  
  70  6:20  Barracks Reactor x2  
  70  6:21  Barracks Reactor  
  70  6:22  Medivac x2, Siege Tank  
  77  6:42  SCV x2  
  77  6:45  Engineering Bay  
  77  6:46  Engineering Bay  
  77  6:47  Marine  
  79  6:54  Siege Tank  
  83  7:04  Marine  
  83  7:05  Marine x4  
  88  7:09  Command Center  
  88  7:22  Marine  
  89  7:26  Siege Tank  
  92  7:45  SCV x2  
  92  7:51  Orbital Command  
  94  7:56  Marine x2  
  94  7:57  SCV x2, Marine x5  
  94  7:58  Siege Tank  
  106  8:14  Marine x3  
  109  8:20  Marine  
  109  8:24  Supply Depot x2  
  109  8:25  Supply Depot  
  110  8:29  SCV x2  
  110  8:30  Supply Depot  
  110  8:31  Missile Turret  
  110  8:33  Orbital Command  
  112  8:40  Supply Depot  
  112  8:41  Terran Infantry Weapons Level 1, Terran Infantry Armor Level 1  
  112  8:46  Factory  
  112  8:48  Starport, Terran Vehicle Weapons Level 1  
  112  8:49  Supply Depot, Barracks  
  112  8:51  Barracks  
  110  9:04  Refinery x2  
  110  9:05  Marine  
  110  9:07  Siege Tank  
  114  9:12  Medivac x2  
  118  9:19  Ghost Academy  
  118  9:21  SCV x2  
  118  9:22  SCV  
  121  9:33  SCV  
  121  9:36  Missile Turret  
  122  9:39  Siege Tank  
  122  9:44  Marine  
  122  9:45  Marine x6  
  132  9:59  Orbital Command  
  132  10:02  Marine x3  
  132  10:03  Marine x4  
  132  10:04  Factory Tech Lab, Starport Reactor  
  132  10:05  Barracks Reactor x2  
  139  10:20  Marine x3  
  142  10:29  Sensor Tower  
  142  10:32  SCV x2  
  144  10:46  Marine  
  144  10:47  Marine x4  
  149  10:52  Barracks  
  149  10:54  Barracks  
  149  10:56  Marine, Sensor Tower  
  149  10:57  Marine x3  
  150  10:58  Terran Infantry Weapons Level 2, Terran Infantry Armor Level 2  
  120  11:24  Siege Tank x2  
  112  11:35  Command Center  
  112  11:41  Barracks  
  112  11:44  Barracks  
  104  11:56  Siege Tank x2  
  103  12:11  Medivac x4  
  110  12:21  Supply Depot  
  110  12:22  Supply Depot  
  103  12:23  SCV x2, Supply Depot  
  103  12:25  Supply Depot, Marine  
  103  12:28  Supply Depot, Siege Tank x2  
  103  12:29  Supply Depot x2  
  112  12:31  Supply Depot x2  
  112  12:33  Supply Depot  
  112  12:39  Barracks Tech Lab  
  112  12:40  Barracks Tech Lab, Barracks Reactor x2  
  112  12:41  Viking, Medivac  
  112  12:42  Medivac, Viking  
  120  12:49  Supply Depot  
  120  13:00  Siege Tank x2  
  126  13:14  Marine x3  
  126  13:19  Marine x3  
  137  13:20  Marauder x3, Marine x4  
  137  13:21  Orbital Command  
  141  13:32  Marine x4  
  145  13:40  Siege Tank x2  
  145  13:58  Marine x2  
  146  14:12  Siege Tank x2  
  145  14:19  Marine  
  145  14:20  Marine x4  
  132  14:39  Marine  
  132  14:40  Marine x16  
  132  14:44  Siege Tank  
  152  14:45  Command Center  
  152  14:57  Marine  
  152  14:58  Marine x12  
  164  15:18  Marine x8  
  164  15:19  Marine x9  
  170  15:36  Marine x2  
  170  15:37  Marine  
  170  15:41  Marine  
  170  15:42  Marine x8  
  180  15:49  SCV x2  
  182  15:54  Supply Depot  
  171  16:14  Ghost  
  171  16:15  Ghost x2  
  158  16:36  Barracks  
  158  16:37  Barracks  
  158  16:43  Ghost x3  
  164  16:57  Refinery x2  
  128  17:12  Marauder x2  
  128  17:13  Marauder  
  112  17:19  Orbital Command  
  105  17:33  Ghost  
  105  17:34  Marauder x2  
  105  17:35  Barracks Tech Lab x2  
  100  17:54  Ghost  
  100  17:55  Marauder  
  104  17:59  Ghost x2  
  104  18:02  Marine x13, Marauder  
  104  18:03  Marine  
  124  18:16  Ghost  
  124  18:19  Marine  
  124  18:23  Ghost x2  
  129  18:27  Ghost  
  129  18:28  Marauder  
  129  18:29  Marine x5  
  129  18:30  Marine x8  
  129  18:33  Terran Infantry Weapons Level 3, Terran Infantry Armor Level 3  
  146  18:37  Marine  
  146  18:40  Siege Tank  
  150  18:42  Siege Tank  
  150  18:44  Ghost  
  150  18:47  Marine  
  156  18:50  Marauder  
  156  18:51  Ghost  
  156  18:52  Ghost  
  162  18:56  Marine x2, Ghost  
  166  19:11  Marauder  
  166  19:14  Marauder  
  170  19:20  Ghost  
  172  19:41  Marine  
  172  19:42  Marine x13  
  185  20:20  Orbital Command  
  129  20:51  Marine x9  
  129  20:52  Marine x9  
  147  21:31  Siege Tank x2  
  153  21:34  Marine x5  
  158  22:00  Moebius Reactor  
  148  22:03  Siege Tank x2  
  154  22:15  Medivac x2  
  158  22:35  Siege Tank  
  158  22:36  Siege Tank  
  105  22:46  Marine x4  
  105  22:47  Marine, Marauder x2  
  105  22:48  Marine  
Tags
 
Add a new tag
Caveats
  • Supply blocks, unpowered buildings, or Contaminate may cause inaccurate times.
  • Supply counts are checked every 10 seconds.